 Dungeon Crawl Stone Soup version 0.20-a0-940-g1ecfa5a (webtiles) character file.

169 JeffiDaFish the Skirmisher (level 5, -3/42 HPs)
             Began as a Demonspawn Abyssal Knight on Mar 31, 2017.
             Was a Believer of Lugonu.
             Killed from afar by an orc wizard (8 damage)
             ... with a puff of frost
             ... on level 3 of the Dungeon.
             The game lasted 00:05:05 (2280 turns).

JeffiDaFish the Skirmisher (DsAK)                   Turns: 2280, Time: 00:05:07

Health: -3/42      AC:  9    Str: 12    XL:     5   Next: 25%
Magic:  0/7        EV: 11    Int: 14    God:    Lugonu [**....]
Gold:   100        SH:  0    Dex: 13    Spells: 4/4 levels left

rFire    . . .     SeeInvis .   a - +1 spear
rCold    . . .     Gourm    .   (no shield)
rNeg     . . .     Faith    .   b - +0 leather armour
rPois    .         Spirit   +   (no helmet)
rElec    .         Reflect  .   i - +1 cloak
rCorr    .         Harm     .   d - +1 pair of gloves
MR       .....                  (no boots)
Stlth    +.........             (no amulet)
Regen    0.2/turn               (no ring)
MPRegen  0.2/turn               (no ring)

@: about to teleport
A: icy blue scales 1, magic shield, magic regeneration
a: Depart the Abyss, Bend Space, Renounce Religion


You were on level 3 of the Dungeon.
You worshipped Lugonu.
Lugonu was pleased with you.
You were hungry.

You visited 1 branch of the dungeon, and saw 3 of its levels.
You visited the Abyss 1 time.

You collected 100 gold pieces.

Inventory:

Hand Weapons
 a - a +1 spear (weapon)
Armour
 b - a +0 leather armour (worn)
 d - a +1 pair of gloves (worn)
 i - a +1 cloak (worn)
Scrolls
 e - 2 scrolls of identify
 k - 2 scrolls of teleportation
 l - a scroll of remove curse
Comestibles
 c - 4 bread rations
 f - a meat ration
 g - 2 royal jellies
 j - a fruit


   Skills:
 + Level 4.1 Fighting
 + Level 3.2 Polearms
 + Level 2.6 Armour
 + Level 1.0 Dodging
 + Level 0.8 Stealth
 + Level 3.1 Invocations


You had 4 spell levels left.
You didn't know any spells.

Dungeon Overview and Level Annotations

Branches:
Dungeon (3/15)

Altars:


Innate Abilities, Weirdness & Mutations

You are partially covered in icy blue scales. (AC +2)
When hurt, damage is shared between your health and your magic reserves.
You regenerate magic rapidly.


Message History

You writhe in agony.
* * * LOW HITPOINT WARNING * * *
The orc wizard closely misses you.
You hit the orc wizard.
The orc wizard is almost dead.
The orc wizard hits you but does no damage.
The orc wizard casts a spell.
The orc wizard blinks!
Unknown command.
You aren't carrying any potions.
You closely miss the orc wizard.
The orc wizard is almost dead.
The orc wizard looks braver for a moment.
As you read the scroll of teleportation, it crumbles to dust.
You feel strangely unstable. The orc wizard barely misses you.
The orc wizard gestures wildly while chanting.
The orc wizard blinks!
The orc wizard gestures at you while chanting.
The puff of frost hits you!
You die...

#.........#
#.........#
#........§#...
###.......oo.....
#.#§o####o.....
#.#.o# ......
#.##o# ..... #.
#o# ..... #@#
#### #.....#
#######


You could see 2 orc wizards and 2 orcs.

Vanquished Creatures
  Jessica (D:2)
  2 worker ants (D:3)
  5 adders
  A worm (D:2)
  3 dart slugs
  A leopard gecko (D:1)
  A ball python (D:2)
  A giant cockroach (D:1)
  5 goblins
  6 hobgoblins
  A quokka (D:3)
  5 bats
  3 frilled lizards
  4 kobolds
  6 rats
45 creatures vanquished.

Notes
Turn   | Place    | Note
-------+----------+-------------------------------------------
     0 | Abyss:1  | JeffiDaFish the Demonspawn Abyssal Knight began the quest for the Orb.
     0 | Abyss:1  | Reached XP level 1. HP: 18/18 MP: 2/2
    44 | D:1      | Escaped the Abyss
   488 | D:1      | Gained mutation: When hurt, damage is shared between your health and your magic reserves. [demonic ancestry]
   488 | D:1      | Reached XP level 2. HP: 24/24 MP: 3/3
  1120 | D:2      | Gained mutation: You are partially covered in icy blue scales. (AC +2) [demonic ancestry]
  1120 | D:2      | Reached XP level 3. HP: 29/29 MP: 5/5
  1387 | D:2      | Reached ** piety under Lugonu
  1414 | D:2      | Reached skill level 1 in Dodging
  1469 | D:2      | Noticed Jessica
  1478 | D:2      | Killed Jessica
  1478 | D:2      | Gained mutation: You regenerate magic rapidly. [demonic ancestry]
  1478 | D:2      | Reached XP level 4. HP: 33/37 MP: 6/6
  1980 | D:3      | Reached skill level 4 in Fighting
  1980 | D:3      | Reached XP level 5. HP: 25/42 MP: 7/7
  2280 | D:3      | Killed from afar by an orc wizard

Vault maps used:
D:1:      minmay_arrival_split_and_join
D:2:      uniq_jessica

Skill      XL: |  1  2  3  4 |
---------------+-------------+-----
Polearms       | 2 3 |  3.2
Armour         | 2 |  2.6
Dodging        | 1 |  1.0
Invocations    | 3 |  3.1
Fighting       | 4 |  4.1
Stealth        | |  0.8

Action                   |  1- 3 |  4- 6 || total
-------------------------+-------+-------++-------
Melee: Spear             |    86 |   134 ||   220
Invok: Bend Space        |     1 |     1 ||     2
  Use: Scroll            |     3 |     3 ||     6
       Potion            |     4 |     3 ||     7
 Stab: Sleeping          |     1 |     3 ||     4
  Eat: Chunk             |     2 |     2 ||     4
Armor: Leather armour    |    21 |    49 ||    70
Dodge: Dodged            |    36 |    51 ||    87
